[Event "ICC tourney 2889 (30 10)"]
[Site "Internet Chess Club"]
[Date "2022.04.23"]
[Round "1"]
[White "SARAVIA, KYLE AUSTIN:Kyle45"]
[Black "SATHISH, YUDESH:Yudichess"]
[Result "0-1"]
[ICCResult "White resigns"]
[WhiteElo "1298"]
[BlackElo "935"]
[Opening "KGD: Keene's defense"]
[ECO "C30"]
[NIC "KG.05"]
[Time "12:00:46"]
[PlyCount "30"]
[TimeControl "1800+10"]

1. e4 e5 2. f4 Qh4+ 3. g3 Qe7 4. d3 Nc6 5. Nc3 d6 6. Nd5 Qd7 7. Bh3 Qd8 8.
Bxc8 Rxc8 9. Nf3 Nf6 10. Nxf6+ Qxf6 11. O-O Be7 12. fxe5 dxe5 13. Ng5 Qg6
14. Nxf7 O-O 15. Qg4 Qxg4 {White resigns} 0-1

[Event "ICC tourney 2889 (30 10)"]
[Site "Internet Chess Club"]
[Date "2022.04.23"]
[Round "1"]
[White "WU, DARREN:chessboy111"]
[Black "Romanyuk, Nikita:NikitaR"]
[Result "1-0"]
[ICCResult "Black checkmated"]
[WhiteElo "768"]
[BlackElo "1070"]
[Opening "French: exchange variation"]
[ECO "C01"]
[NIC "FR.01"]
[Time "12:00:50"]
[PlyCount "103"]
[TimeControl "1800+10"]

1. e4 e6 2. d4 d5 3. exd5 Qxd5 4. Nc3 Qd7 5. Bc4 Nc6 6. Nf3 Nf6 7. O-O a6 8.
a4 Na5 9. Ba2 Be7 10. Bf4 O-O 11. Re1 b6 12. Ne5 Qd8 13. Qd3 Bb7 14. Rad1
Nc6 15. Nxc6 Bxc6 16. Qh3 b5 17. Bxe6 fxe6 18. Qxe6+ Kh8 19. Qxe7 Qxe7 20.
Rxe7 Nd5 21. Nxd5 Bxd5 22. Bxc7 Ra7 23. Bd6 Rxe7 24. Bxe7 Rc8 25. Rd2 Re8
26. Re2 Bc4 27. Re3 bxa4 28. Bc5 Rb8 29. Ba3 Rc8 30. Rf3 Rc7 31. Rf8+ Bg8
32. c3 g6 33. Rf6 Bc4 34. f3 Rc8 35. Rf4 Kg7 36. Kf2 Re8 37. Re4 Rc8 38. Ke3
h5 39. g4 h4 40. Re7+ Kh6 41. f4 Rc6 42. Re5 Kh7 43. d5 Rc7 44. d6 Rd7 45.
Re7+ Rxe7+ 46. dxe7 Bf7 47. c4 Bxc4 48. e8=Q a5 49. Be7 a3 50. Bf6 Bg8 51.
Qe7+ Kh6 52. Qg7# {Black checkmated} 1-0

[Event "ICC tourney 2889 (30 10)"]
[Site "Internet Chess Club"]
[Date "2022.04.23"]
[Round "1"]
[White "ANGEL, BORYS:BArkadia"]
[Black "ASHOK, AMUDHAN:amudhanashok"]
[Result "1-0"]
[ICCResult "Black checkmated"]
[WhiteElo "1399"]
[BlackElo "1006"]
[Opening "Giuoco Piano"]
[ECO "C54"]
[NIC "IG.02"]
[Time "12:00:44"]
[PlyCount "59"]
[TimeControl "1800+10"]

1. e4 e5 2. Nf3 Nc6 3. Bc4 Bc5 4. c3 Nf6 5. d4 exd4 6. b4 Bb6 7. e5 Qe7 8.
O-O Ng4 9. Bg5 f6 10. exf6 gxf6 11. Re1 fxg5 12. Rxe7+ Nxe7 13. h3 Nf6 14.
cxd4 g4 15. hxg4 Nxg4 16. Ne5 Nxe5 17. dxe5 Rf8 18. Qh5+ Kd8 19. Nc3 Bxf2+
20. Kf1 Bd4+ 21. Ke2 Bxc3 22. Rd1 Bxb4 23. Qxh7 d5 24. Bxd5 Bg4+ 25. Bf3+
Ke8 26. Bxg4 Rg8 27. Bh5+ Ng6 28. Qxg8+ Bf8 29. Qxg6+ Ke7 30. Qf7#
{Black checkmated}
1-0

[Event "ICC tourney 2889 (30 10)"]
[Site "Internet Chess Club"]
[Date "2022.04.23"]
[Round "1"]
[White "HUANG, BRIAN:Checkmater2228"]
[Black "RAJ, ASHWATH:ashwathraj"]
[Result "0-1"]
[ICCResult "White checkmated"]
[WhiteElo "864"]
[BlackElo "1145"]
[Opening "Sicilian: Smith-Morra gambit"]
[ECO "B21"]
[NIC "SI.48"]
[Time "12:00:58"]
[PlyCount "72"]
[TimeControl "1800+10"]

1. e4 c5 2. d4 cxd4 3. c3 dxc3 4. Nxc3 Nc6 5. Nf3 d6 6. Bc4 a6 7. O-O Nf6 8.
Ng5 e6 9. Re1 Be7 10. Nf3 O-O 11. Bg5 Nd7 12. Bxe7 Qxe7 13. Bd3 Nde5 14.
Nxe5 dxe5 15. Qf3 b5 16. Qh3 Bb7 17. Re3 Rad8 18. Rg3 Rd7 19. Qg4 g6 20. h4
Rfd8 21. Bc2 Rd2 22. Bb3 b4 23. Na4 Nd4 24. Rh3 Ne2+ 25. Kf1 Nf4 26. Rh2
Bxe4 27. h5 Bd3+ 28. Kg1 Rd4 29. Qf3 Nxh5 30. Qa8+ Kg7 31. Bd1 Rh4 32. Rxh4
Qxh4 33. Qf3 Be4 34. Qh3 Qxf2+ 35. Kh1 Bxg2+ 36. Qxg2 Qxg2# {White
checkmated} 0-1

[Event "ICC tourney 2889 (30 10)"]
[Site "Internet Chess Club"]
[Date "2022.04.23"]
[Round "1"]
[White "WU, TERRAIN:Brainstormer"]
[Black "VOLOSHIN, VANYA:Vanya-long"]
[Result "1-0"]
[ICCResult "Black checkmated"]
[WhiteElo "1083"]
[BlackElo "812"]
[Opening "Giuoco Piano"]
[ECO "C50"]
[NIC "IG.02"]
[Time "12:00:45"]
[PlyCount "111"]
[TimeControl "1800+10"]

1. e4 e5 2. Nf3 Nc6 3. Bc4 Bc5 4. O-O Nf6 5. d3 h6 6. Nc3 O-O 7. Be3 Bb6 8.
Qd2 d6 9. h3 Be6 10. Bb3 Qe7 11. Ne2 Rad8 12. Ng3 Rfe8 13. Qe2 Na5 14. Nh4
Nxb3 15. cxb3 Kh7 16. Ngf5 Bxf5 17. Nxf5 Qe6 18. Qf3 Rg8 19. Qg3 d5 20. Qh4
Nd7 21. Bg5 Rde8 22. exd5 Qxf5 23. Be3 Qf6 24. Qg4 Nf8 25. Qe4+ Ng6 26. a4
Kh8 27. a5 Bxe3 28. fxe3 Qd6 29. Rxf7 Ref8 30. Rff1 Rxf1+ 31. Rxf1 Rf8 32.
Rd1 Rf6 33. d4 Kh7 34. h4 Kg8 35. h5 Nf8 36. dxe5 Re6 37. exd6 Rxe4 38. dxc7
Re8 39. d6 Nd7 40. Kf2 Kf7 41. Kf3 g5 42. hxg6+ Kxg6 43. Kf4 Kf6 44. e4 Ke6
45. Rd5 Rf8+ 46. Ke3 b6 47. axb6 Nxb6 48. Rd1 Nc8 49. d7 a5 50. d8=Q Rxd8
51. cxd8=Q a4 52. Qxc8+ Kf6 53. Qc6+ Kg5 54. Rd5+ Kg4 55. Qg6+ Kh4 56. Rh5#
{Black checkmated}
1-0

[Event "ICC tourney 2889 (30 10)"]
[Site "Internet Chess Club"]
[Date "2022.04.23"]
[Round "1"]
[White "WESLEY, GEORGE:Maglars"]
[Black "HIBBS, ROBERT:BotanicalKnight"]
[Result "0-1"]
[ICCResult "White resigns"]
[WhiteElo "949"]
[BlackElo "1359"]
[Opening "English: Anglo-Dutch defense"]
[ECO "A10"]
[NIC "HD.14"]
[Time "12:01:05"]
[PlyCount "72"]
[TimeControl "1800+10"]

1. c4 f5 2. Nc3 e6 3. g3 d5 4. cxd5 exd5 5. e3 Nf6 6. Nf3 Be7 7. Bg2 c6 8.
O-O O-O 9. d4 Ne4 10. Nd2 Qe8 11. Ndxe4 fxe4 12. a4 Nd7 13. Rb1 Nf6 14. Ne2
g5 15. h3 Qh5 16. g4 Qg6 17. b4 a6 18. Nc3 h5 19. f3 exf3 20. Bxf3 hxg4 21.
hxg4 Kg7 22. Kf2 Ne4+ 23. Nxe4 dxe4 24. d5 Rxf3+ 25. Ke1 Bxg4 26. Rxf3 exf3
27. Bb2+ Bf6 28. Bxf6+ Qxf6 29. Kf2 Rd8 30. Qg1 Bf5 31. Rc1 Rxd5 32. Rc4 g4
33. e4 Qh4+ 34. Ke3 Qg5+ 35. Kf2 Rd2+ 36. Ke1 f2+ {White resigns} 0-1

[Event "ICC tourney 2889 (30 10)"]
[Site "Internet Chess Club"]
[Date "2022.04.23"]
[Round "2"]
[White "HIBBS, ROBERT:BotanicalKnight"]
[Black "KUMBHARATHI, VEDANSH:vedansh98"]
[Result "1-0"]
[ICCResult "Black resigns"]
[WhiteElo "1359"]
[BlackElo "1013"]
[Opening "French: Labourdonnais variation"]
[ECO "C00"]
[NIC "FR.01"]
[Time "14:00:26"]
[PlyCount "63"]
[TimeControl "1800+10"]

1. e4 e6 2. f4 d5 3. e5 c5 4. Nf3 Nc6 5. d3 Be7 6. Nc3 Nh6 7. g3 Nf5 8. Bg2
Nfd4 9. Ne2 Nxf3+ 10. Bxf3 b6 11. c3 Bb7 12. O-O Qc7 13. Bd2 h6 14. a3 O-O-O
15. b4 d4 16. c4 cxb4 17. axb4 Kb8 18. b5 Na5 19. Bxa5 bxa5 20. Bxb7 Kxb7
21. Qa4 Bb4 22. Nc1 Bd2 23. Nb3 Be3+ 24. Kg2 Kc8 25. Nxa5 g5 26. Nc6 Rdg8
27. Nxa7+ Kd8 28. fxg5 Rg7 29. gxh6 Rxh6 30. Nc6+ Ke8 31. Qa8+ Kd7 32. Ra7
{Black resigns}
1-0

[Event "ICC tourney 2889 (30 10)"]
[Site "Internet Chess Club"]
[Date "2022.04.23"]
[Round "2"]
[White "QIAO, RICHARDSON JINGSI:Richardsonqiao"]
[Black "HELLER, JACK G:Maximusiv"]
[Result "1-0"]
[ICCResult "Black resigns"]
[WhiteElo "572"]
[BlackElo "1021"]
[Opening "Scandinavian defense"]
[ECO "B01"]
[NIC "SD.03"]
[Time "14:00:19"]
[PlyCount "59"]
[TimeControl "1800+10"]

1. e4 d5 2. exd5 Nf6 3. Nc3 Nxd5 4. Bc4 Nxc3 5. bxc3 Nc6 6. d4 e6 7. Nf3 Bd7
8. Bf4 Bd6 9. Bxd6 cxd6 10. Rb1 d5 11. Bd3 b6 12. Ba6 O-O 13. O-O Bc8 14.
Bb5 Qc7 15. Bxc6 Qxc6 16. Qd3 f6 17. Rfe1 a5 18. Rb2 Ba6 19. Qe3 Rfe8 20.
Reb1 Rab8 21. h3 b5 22. Nd2 a4 23. a3 Qd6 24. Rb4 e5 25. dxe5 Rxe5 26. Qg3
Qc6 27. Nf3 Re7 28. Qxb8+ Kf7 29. Qg3 Qxc3 30. Ng5+ {Black resigns} 1-0

[Event "ICC tourney 2889 (30 10)"]
[Site "Internet Chess Club"]
[Date "2022.04.23"]
[Round "2"]
[White "Zhong, Evan:zhangsai01"]
[Black "ANGEL, BORYS:BArkadia"]
[Result "1-0"]
[ICCResult "Black checkmated"]
[WhiteElo "1017"]
[BlackElo "1399"]
[Opening "Two knights defense (Modern bishop's opening)"]
[ECO "C55"]
[NIC "IG.01"]
[Time "14:00:19"]
[PlyCount "147"]
[TimeControl "1800+10"]

1. e4 e5 2. Nf3 Nc6 3. Bc4 Nf6 4. d3 h6 5. O-O Bc5 6. c3 d6 7. a4 a5 8. Nbd2
Bg4 9. h3 Bh5 10. Qb3 Bb6 11. Kh2 Qd7 12. Nh4 O-O-O 13. Qa3 d5 14. exd5 Nxd5
15. Ne4 f5 16. Ng3 Bf7 17. Nhxf5 Be6 18. Ne3 g5 19. Ne4 Qf7 20. Bd2 Nf4 21.
b4 Nxd3 22. Bxe6+ Qxe6 23. b5 Ne7 24. c4 Nf5 25. c5 Nxc5 26. Nxc5 Bxc5 27.
Qxc5 Rxd2 28. Rac1 Rh7 29. Qf8+ Kd7 30. Qxf5 Qxf5 31. Nxf5 Rf7 32. Nxh6
Rfxf2 33. Rxf2 Rxf2 34. Ng4 Ra2 35. Rc4 Kd6 36. Re4 c6 37. bxc6 bxc6 38.
Rxe5 Rxa4 39. Rxg5 Ra1 40. h4 a4 41. h5 a3 42. Ra5 Rf1 43. Rxa3 Rf4 44. Kg3
Rf5 45. Kh4 Rf8 46. h6 Rh8 47. Kh5 Ke6 48. Ra6 Kd5 49. Nf6+ Kc5 50. h7 Kb5
51. Ra7 c5 52. Kg6 c4 53. Kg7 Rxh7+ 54. Kxh7 Kb4 55. Rc7 c3 56. Rxc3 Kxc3
57. g4 Kd4 58. g5 Ke5 59. Ng8 Ke6 60. g6 Kd7 61. g7 Ke8 62. Nh6 Ke7 63. g8=Q
Kd6 64. Qg5 Kd7 65. Qf6 Kc7 66. Qe6 Kb7 67. Qd6 Ka7 68. Qc6 Kb8 69. Qd7 Ka8
70. Nf7 Kb8 71. Nd6 Ka8 72. Nb5 Kb8 73. Qc7+ Ka8 74. Qc8# {Black checkmated}
1-0

[Event "ICC tourney 2889 (30 10)"]
[Site "Internet Chess Club"]
[Date "2022.04.23"]
[Round "2"]
[White "RAJ, ASHWATH:ashwathraj"]
[Black "WU, DARREN:chessboy111"]
[Result "0-1"]
[ICCResult "White checkmated"]
[WhiteElo "1145"]
[BlackElo "768"]
[Opening "QGD: exchange, positional line"]
[ECO "D35"]
[NIC "QO.16"]
[Time "14:00:57"]
[PlyCount "74"]
[TimeControl "1800+10"]

1. d4 d5 2. c4 e6 3. Nc3 Nf6 4. cxd5 exd5 5. Bg5 Be7 6. Qc2 h6 7. Bh4 O-O 8.
e3 b6 9. Nf3 Bb7 10. Bd3 c5 11. dxc5 Bxc5 12. Na4 Bb4+ 13. Kf1 Nc6 14. Qe2
Rc8 15. Ba6 Bxa6 16. Qxa6 Re8 17. g4 g5 18. Bg3 d4 19. Rd1 Qd5 20. Ke2 Qe4
21. Rc1 dxe3 22. Rc4 Qd5 23. Rhc1 exf2+ 24. Kxf2 Ne4+ 25. Kg2 Nxg3 26. Rxb4
Nxb4 27. Rxc8 Nxa6 28. Rxe8+ Kg7 29. Kxg3 Nc5 30. Nc3 Qd6+ 31. Kg2 Nd3 32.
b3 Nf4+ 33. Kf2 Qc5+ 34. Re3 Nd3+ 35. Kf1 Qxe3 36. Kg2 Qf2+ 37. Kh3 Nf4#
{White checkmated}
0-1

[Event "ICC tourney 2889 (30 10)"]
[Site "Internet Chess Club"]
[Date "2022.04.23"]
[Round "2"]
[White "SATHISH, YUDESH:Yudichess"]
[Black "WU, TERRAIN:Brainstormer"]
[Result "0-1"]
[ICCResult "White checkmated"]
[WhiteElo "935"]
[BlackElo "1083"]
[Opening "Petrov's defense"]
[ECO "C42"]
[NIC "RG.03"]
[Time "14:00:27"]
[PlyCount "150"]
[TimeControl "1800+10"]

1. e4 e5 2. Nf3 Nf6 3. Nxe5 Nc6 4. Nxc6 dxc6 5. Nc3 Bc5 6. d3 Ng4 7. Be3
Nxe3 8. fxe3 Bxe3 9. Qf3 Qg5 10. Be2 Bd2+ 11. Kd1 Be3 12. Rf1 Be6 13. h4 Qc5
14. Qg3 O-O-O 15. Bg4 Kb8 16. Bxe6 fxe6 17. Rf7 Qh5+ 18. Rf3 Bd4 19. Ke1
Rhf8 20. Rb1 Rxf3 21. gxf3 Bf6 22. Ke2 Rf8 23. Rh1 Be5 24. Qg4 Qh6 25. Qg5
Bf4 26. Qxh6 gxh6 27. Rg1 Be5 28. Ke3 c5 29. Ke2 Kc8 30. Rf1 Kd7 31. Ke3
Bd4+ 32. Ke2 Rf4 33. Rh1 h5 34. Nb5 Bxb2 35. c3 a6 36. Rb1 axb5 37. Rxb2 c6
38. a3 Rxh4 39. Ke3 e5 40. c4 Kc7 41. cxb5 cxb5 42. Rxb5 Kc6 43. Rb2 Rh1 44.
Re2 Kb5 45. Rb2+ Ka6 46. Rc2 b6 47. Rg2 Re1+ 48. Kd2 Ra1 49. Ke3 Rxa3 50.
Rh2 c4 51. Rxh5 Rxd3+ 52. Ke2 Rb3 53. Rxh7 Rb2+ 54. Ke3 Rb3+ 55. Ke2 Rb5 56.
Rc7 Rc5 57. Rxc5 bxc5 58. Kd2 Ka5 59. Kc2 Kb4 60. Kb2 c3+ 61. Kc2 Kc4 62.
Kc1 Kd3 63. Kd1 c2+ 64. Kc1 c4 65. f4 exf4 66. e5 f3 67. e6 f2 68. e7 f1=Q+
69. Kb2 c3+ 70. Kb3 Qb1+ 71. Ka4 Qb8 72. Ka5 c1=Q 73. e8=Q Qa1+ 74. Qa4 Qb4+
75. Ka6 Qaxa4# {White checkmated} 0-1

[Event "ICC tourney 2889 (30 10)"]
[Site "Internet Chess Club"]
[Date "2022.04.23"]
[Round "3"]
[White "HELLER, JACK G:Maximusiv"]
[Black "SATHISH, YUDESH:Yudichess"]
[Result "0-1"]
[ICCResult "White resigns"]
[WhiteElo "1021"]
[BlackElo "935"]
[Opening "Evans gambit: 5...Be7"]
[ECO "C51"]
[NIC "IG.05"]
[Time "16:00:52"]
[PlyCount "24"]
[TimeControl "1800+10"]

1. e4 e5 2. Nf3 Nc6 3. Bc4 Bc5 4. b4 Bxb4 5. c3 Be7 6. d4 exd4 7. cxd4 Nf6
8. e5 d5 9. Bb5 Ne4 10. O-O O-O 11. Re1 Bh4 12. Nfd2 Bxf2+ {White resigns}
0-1

[Event "ICC tourney 2889 (30 10)"]
[Site "Internet Chess Club"]
[Date "2022.04.23"]
[Round "3"]
[White "WU, DARREN:chessboy111"]
[Black "Zhong, Evan:zhangsai01"]
[Result "1-0"]
[ICCResult "Black resigns"]
[WhiteElo "768"]
[BlackElo "1017"]
[Opening "Scotch gambit"]
[ECO "C44"]
[NIC "SO.06"]
[Time "16:00:56"]
[PlyCount "65"]
[TimeControl "1800+10"]

1. e4 e5 2. Nf3 Nc6 3. d4 exd4 4. Bc4 d6 5. Nxd4 Nxd4 6. Qxd4 Be6 7. Nc3 Qf6
8. Qd3 a6 9. a4 Nh6 10. h3 Be7 11. O-O O-O-O 12. b4 Bxc4 13. Qxc4 Qe6 14.
Nd5 Qd7 15. Nb6+ Kb8 16. Nxd7+ Rxd7 17. b5 Bf6 18. c3 a5 19. Rb1 Re8 20. b6
c6 21. f4 Rde7 22. Re1 Bh4 23. Re3 Nf5 24. exf5 Rxe3 25. Bxe3 Rxe3 26. Qxf7
Bd8 27. Qf8 Kc8 28. Qxd6 Rxc3 29. Qf8 Rd3 30. Qc5 Rd5 31. Qe3 Bf6 32. Qe6+
Rd7 33. Rd1 {Black resigns} 1-0

[Event "ICC tourney 2889 (30 10)"]
[Site "Internet Chess Club"]
[Date "2022.04.23"]
[Round "3"]
[White "KUMBHARATHI, VEDANSH:vedansh98"]
[Black "HUANG, BRIAN:Checkmater2228"]
[Result "1-0"]
[ICCResult "Black checkmated"]
[WhiteElo "1013"]
[BlackElo "864"]
[Opening "Giuoco Piano"]
[ECO "C54"]
[NIC "IG.02"]
[Time "16:00:47"]
[PlyCount "141"]
[TimeControl "1800+10"]

1. e4 e5 2. Nf3 Nc6 3. Bc4 Bc5 4. c3 Nf6 5. d4 exd4 6. e5 d5 7. Bb3 Ne4 8.
cxd4 Bb4+ 9. Nbd2 Nxd2 10. Bxd2 Bxd2+ 11. Qxd2 O-O 12. O-O Bg4 13. Ne1 Kh8
14. Nc2 f6 15. Ne3 Be6 16. f4 fxe5 17. fxe5 Rxf1+ 18. Rxf1 Qh4 19. Nc2 Ne7
20. Rf4 Qh6 21. g3 Ng6 22. Rf2 Qxd2 23. Rxd2 Rf8 24. Kg2 b5 25. Ne3 c6 26.
Rc2 Bd7 27. e6 Bxe6 28. Rxc6 Bd7 29. Rd6 Bc8 30. Bxd5 Ne7 31. Bf3 Re8 32.
Kf2 Rf8 33. Ke2 Re8 34. Kd2 Rf8 35. Be2 Nf5 36. Nxf5 Bxf5 37. Bxb5 Rb8 38.
a4 Bg6 39. Re6 Rc8 40. Bd3 Bxd3 41. Kxd3 Kg8 42. Re7 Rb8 43. Kc3 Rc8+ 44.
Kb3 Rb8+ 45. Ka3 Rf8 46. Re2 Rf3+ 47. b3 Rd3 48. Re4 Rd2 49. h4 Rg2 50. Re7
Rxg3 51. Rxa7 Rh3 52. Rb7 Rxh4 53. Rd7 Re4 54. a5 h5 55. a6 h4 56. a7 Re8
57. Rb7 h3 58. Rb8 Kf8 59. Rxe8+ Kxe8 60. a8=Q+ Kf7 61. Qh1 h2 62. b4 g5 63.
b5 g4 64. b6 g3 65. b7 g2 66. Qxg2 h1=Q 67. Qxh1 Ke7 68. Qd5 Ke8 69. b8=Q+
Ke7 70. Qbd6+ Ke8 71. Q5e6# {Black checkmated} 1-0

[Event "ICC tourney 2889 (30 10)"]
[Site "Internet Chess Club"]
[Date "2022.04.23"]
[Round "3"]
[White "VOLOSHIN, VANYA:Vanya-long"]
[Black "SARAVIA, KYLE AUSTIN:Kyle45"]
[Result "0-1"]
[ICCResult "White checkmated"]
[WhiteElo "812"]
[BlackElo "1298"]
[Opening "Four knights: Spanish, classical defense"]
[ECO "C48"]
[NIC "KP.03"]
[Time "16:00:47"]
[PlyCount "150"]
[TimeControl "1800+10"]

1. e4 e5 2. Nf3 Nc6 3. Bb5 Nf6 4. Nc3 Bc5 5. O-O d6 6. h3 Be6 7. d3 h6 8.
Be3 Bxe3 9. fxe3 Qd7 10. d4 exd4 11. exd4 a6 12. d5 axb5 13. dxe6 fxe6 14.
Qd3 b4 15. Ne2 Ra5 16. Rfe1 O-O 17. Ned4 Rfa8 18. Qb3 Nxd4 19. Nxd4 d5 20.
exd5 exd5 21. Nf3 Qd6 22. c4 Kh8 23. cxd5 Qxd5 24. Qxb4 Rxa2 25. Rxa2 Rxa2
26. Re5 Qc6 27. Rc5 Rxb2 28. Rxc6 Rxb4 29. Rxc7 Nd5 30. Rc8+ Kh7 31. Rb8 Ne7
32. Ne5 Rb5 33. Nd7 Nc6 34. Rc8 Rd5 35. Nb8 Nxb8 36. Rxb8 b5 37. Rb6 Kg8 38.
Kf2 Kf7 39. Ke3 Rg5 40. Kf3 Ke7 41. h4 Rc5 42. Rb7+ Kf6 43. Rb6+ Ke5 44. Ke3
Rc3+ 45. Kd2 Rb3 46. Rb7 Rb2+ 47. Ke3 Rxg2 48. Rxb5+ Kf6 49. Rb6+ Kf7 50.
Kf3 Rg1 51. Rb7+ Kg6 52. Rb6+ Kh5 53. Rb7 Kxh4 54. Rb4+ Kh5 55. Rb5+ g5 56.
Kf2 Rg4 57. Kf3 Rf4+ 58. Kg3 Rg4+ 59. Kh3 Rg1 60. Ra5 Re1 61. Kg3 Re3+ 62.
Kg2 Re4 63. Kg3 Re3+ 64. Kg2 Rc3 65. Rb5 Kh4 66. Rb4+ g4 67. Rb6 h5 68. Rb4
Rc2+ 69. Kf1 Kh3 70. Rb3+ g3 71. Ke1 h4 72. Rb8 Kh2 73. Rg8 g2 74. Kd1 Ra2
75. Rh8 g1=Q# {White checkmated} 0-1

[Event "ICC tourney 2889 (30 10)"]
[Site "Internet Chess Club"]
[Date "2022.04.23"]
[Round "3"]
[White "WU, TERRAIN:Brainstormer"]
[Black "HIBBS, ROBERT:BotanicalKnight"]
[Result "0-1"]
[ICCResult "White resigns"]
[WhiteElo "1083"]
[BlackElo "1359"]
[Opening "Caro-Kann: exchange variation"]
[ECO "B13"]
[NIC "CK.02"]
[Time "16:00:56"]
[PlyCount "120"]
[TimeControl "1800+10"]

1. e4 c6 2. d4 d5 3. exd5 Qxd5 4. Nc3 Qd8 5. Nf3 Nf6 6. Be2 Bg4 7. h3 Bh5 8.
Bf4 e6 9. Qd2 Bb4 10. a3 Ne4 11. Qd3 Nxc3 12. bxc3 Bg6 13. Qe3 Ba5 14. Bg5
Qc8 15. Rc1 Nd7 16. O-O O-O 17. Be7 Re8 18. Bb4 Bc7 19. c4 a5 20. Bc3 Nf6
21. Bb2 Nh5 22. Ne5 Nf6 23. Bd3 Bxd3 24. cxd3 Bxe5 25. Qxe5 Qb8 26. Qg5 h6
27. Qd2 Kh7 28. Qc2 Rg8 29. Kh1 Qf4 30. Qe2 g5 31. f3 Nh5 32. Kg1 Ng3 33.
Qf2 Nxf1 34. Rxf1 h5 35. Bc1 Qf5 36. Qe2 Qg6 37. g4 hxg4 38. fxg4 f5 39. Rf2
Raf8 40. Rh2 Kg7 41. Qb2 Qf6 42. Qxb7+ Rf7 43. Qb2 fxg4 44. Rf2 Qxf2+ 45.
Qxf2 Rxf2 46. Kxf2 gxh3 47. Kg3 Rh8 48. Kh2 Kg6 49. Be3 a4 50. Bf2 Kf5 51.
Bg3 g4 52. Be5 Ra8 53. Kg3 Ra7 54. Bd6 Rb7 55. Bb4 Rxb4 56. axb4 a3 57. b5
cxb5 58. cxb5 a2 59. b6 a1=Q 60. b7 Qb2 {White resigns} 0-1

[Event "ICC tourney 2889 (30 10)"]
[Site "Internet Chess Club"]
[Date "2022.04.23"]
[Round "3"]
[White "ANGEL, BORYS:BArkadia"]
[Black "WESLEY, GEORGE:Maglars"]
[Result "1-0"]
[ICCResult "Black checkmated"]
[WhiteElo "1399"]
[BlackElo "949"]
[Opening "Scandinavian (center counter) defense"]
[ECO "B01"]
[NIC "SD.01"]
[Time "16:00:46"]
[PlyCount "93"]
[TimeControl "1800+10"]

1. e4 d5 2. exd5 Qxd5 3. Nc3 Qa5 4. d4 Nf6 5. Bd2 c6 6. Nf3 Bf5 7. Bc4 e6 8.
Ne4 Qd8 9. Ng3 Bg6 10. O-O Bd6 11. c3 Nbd7 12. b4 b5 13. Bb3 Qc7 14. Bc2
O-O-O 15. a4 Kb7 16. axb5 cxb5 17. Ra5 Kb6 18. Qe2 a6 19. Bxg6 hxg6 20. Rfa1
Ra8 21. Ng5 Nb8 22. N5e4 Nxe4 23. Qxe4 Nd7 24. Be3 Nf6 25. Qc2 Kb7 26. Qa2
Qc6 27. Bd2 Nd5 28. h3 Nc7 29. Rc1 Bxg3 30. fxg3 Qe4 31. Bf4 Nd5 32. Qd2
Rhc8 33. Kh2 Nb6 34. Raa1 Nc4 35. Qf2 Qd3 36. Qe1 Nb6 37. Bd6 Nd5 38. Bc5
Qf5 39. Ra5 Rc6 40. Rca1 Nxc3 41. Qxc3 Qf2 42. Qd3 f5 43. Rxb5+ axb5 44.
Qxb5+ Kc7 45. Rxa8 f4 46. Qb8+ Kd7 47. Qd8# {Black checkmated} 1-0

[Event "ICC tourney 2889 (30 10)"]
[Site "Internet Chess Club"]
[Date "2022.04.23"]
[Round "4"]
[White "RAJ, ASHWATH:ashwathraj"]
[Black "KUMBHARATHI, VEDANSH:vedansh98"]
[Result "0-1"]
[ICCResult "White checkmated"]
[WhiteElo "1145"]
[BlackElo "1013"]
[Opening "QGD: exchange, positional line"]
[ECO "D35"]
[NIC "QO.16"]
[Time "18:01:21"]
[PlyCount "106"]
[TimeControl "1800+10"]

1. d4 d5 2. c4 e6 3. Nc3 Nf6 4. cxd5 exd5 5. Bg5 Be7 6. e3 O-O 7. Qc2 h6 8.
Bh4 b6 9. Nf3 Bb7 10. Bd3 Nbd7 11. O-O c5 12. Nd2 Rc8 13. f3 Re8 14. Bf2
cxd4 15. exd4 Bb4 16. a3 Bxc3 17. bxc3 Qc7 18. Rac1 Qd6 19. a4 Nh5 20. Rfe1
Nf4 21. Bg3 Qf6 22. Rxe8+ Rxe8 23. Re1 Rxe1+ 24. Bxe1 Qe6 25. Bg3 Qe3+ 26.
Kh1 Qxd3 27. Qd1 Qe2 28. Qxe2 Nxe2 29. Nb1 Nxg3+ 30. hxg3 Kf8 31. Na3 Bc6
32. Nb5 Bxb5 33. axb5 Ke7 34. Kg1 Nf8 35. Kf2 Ne6 36. Ke3 Nc7 37. c4 dxc4
38. d5 Nxd5+ 39. Kd4 Nc7 40. Kxc4 Nxb5 41. Kxb5 Ke6 42. Ka6 Kd5 43. Kxa7 b5
44. Kb7 b4 45. Kc7 Ke6 46. Kc6 b3 47. Kc5 b2 48. Kd4 b1=Q 49. Kc5 Qg1+ 50.
Kc6 Qxg2 51. Kc7 Qxg3+ 52. Kd8 Qxf3 53. Ke8 Qa8# {White checkmated} 0-1

[Event "ICC tourney 2889 (30 10)"]
[Site "Internet Chess Club"]
[Date "2022.04.23"]
[Round "4"]
[White "HIBBS, ROBERT:BotanicalKnight"]
[Black "WU, DARREN:chessboy111"]
[Result "1-0"]
[ICCResult "Black checkmated"]
[WhiteElo "1359"]
[BlackElo "768"]
[Opening "Bishop's opening: Classical variation"]
[ECO "C23"]
[NIC "IG.04"]
[Time "18:01:19"]
[PlyCount "45"]
[TimeControl "1800+10"]

1. e4 e5 2. Bc4 Bc5 3. d3 h6 4. Nc3 Nf6 5. f4 d6 6. Na4 Bb6 7. Nf3 Nc6 8.
Nxb6 axb6 9. a3 O-O 10. f5 d5 11. exd5 Nxd5 12. g4 Re8 13. O-O Nf6 14. g5
hxg5 15. Bxg5 Bxf5 16. Nh4 Bh3 17. Rxf6 gxf6 18. Qh5 Qd4+ 19. Kh1 Be6 20.
Bxf6 Bd5+ 21. Bxd5 Qxd5+ 22. Nf3 Nd4 23. Qh8# {Black checkmated} 1-0

[Event "ICC tourney 2889 (30 10)"]
[Site "Internet Chess Club"]
[Date "2022.04.23"]
[Round "4"]
[White "SATHISH, YUDESH:Yudichess"]
[Black "Zhong, Evan:zhangsai01"]
[Result "0-1"]
[ICCResult "White checkmated"]
[WhiteElo "935"]
[BlackElo "1017"]
[Opening "Giuoco Piano: Möller (Therkatz) attack"]
[ECO "C54"]
[NIC "IG.02"]
[Time "18:01:18"]
[PlyCount "144"]
[TimeControl "1800+10"]

1. e4 e5 2. Nf3 Nc6 3. Bc4 Bc5 4. c3 Nf6 5. d4 exd4 6. cxd4 Bb4+ 7. Nc3 Nxe4
8. O-O Bxc3 9. d5 Na5 10. bxc3 Nxc4 11. Re1 Nd6 12. Ba3 O-O 13. Qd3 Re8 14.
Bxd6 Nxd6 15. Rxe8+ Nxe8 16. Re1 d6 17. Ng5 Nf6 18. Re3 h6 19. Ne4 Bf5 20.
Nxf6+ Qxf6 21. Qc4 Rc8 22. Rf3 Qg5 23. h3 Bd7 24. Rg3 Qf6 25. Rf3 Qg6 26.
Rg3 Qb1+ 27. Kh2 Bf5 28. Qd4 Bg6 29. Qg4 Rd8 30. h4 Qe4 31. Qd1 Qxh4+ 32.
Kg1 Re8 33. Rh3 Qe4 34. Re3 Qxe3 35. fxe3 Rxe3 36. Qd4 Re1+ 37. Kf2 Rb1 38.
Qxa7 Rb5 39. Qd4 Rc5 40. Kg3 b6 41. Qd2 Be4 42. Kf4 Bxd5 43. Qe2 Be6 44. Kg3
Rxc3+ 45. Kf2 Ra3 46. Kg1 Rxa2 47. Qe4 Ra5 48. Qc6 Rc5 49. Qa8+ Kh7 50. Qe4+
g6 51. Qd4 b5 52. Qb2 c6 53. Qd2 d5 54. Qd4 Rc4 55. Qb2 b4 56. Kf1 c5 57.
Ke2 Rc3 58. Kd1 d4 59. Ke1 b3 60. Kd1 c4 61. Ke1 Rc2 62. Qxd4 b2 63. Qd1 Rc1
64. Qxc1 bxc1=Q+ 65. Ke2 Qc3 66. Kf2 Qd3 67. g4 Bxg4 68. Kg2 Qf3+ 69. Kh2 c3
70. Kg1 Qe2 71. Kh1 Bf3+ 72. Kg1 Qg2# {White checkmated} 0-1

[Event "ICC tourney 2889 (30 10)"]
[Site "Internet Chess Club"]
[Date "2022.04.23"]
[Round "4"]
[White "QIAO, RICHARDSON JINGSI:Richardsonqiao"]
[Black "ANGEL, BORYS:BArkadia"]
[Result "0-1"]
[ICCResult "White checkmated"]
[WhiteElo "572"]
[BlackElo "1399"]
[Opening "Two knights defense (Modern bishop's opening)"]
[ECO "C55"]
[NIC "IG.01"]
[Time "18:01:16"]
[PlyCount "86"]
[TimeControl "1800+10"]

1. e4 e5 2. Nf3 Nc6 3. Bc4 Nf6 4. d3 h6 5. Nc3 Bc5 6. h3 d6 7. O-O O-O 8.
Be3 Bxe3 9. fxe3 Ne7 10. d4 Ng6 11. dxe5 dxe5 12. Qxd8 Rxd8 13. Rad1 Bd7 14.
Rd2 Bc6 15. Bd5 Bxd5 16. exd5 e4 17. Nh2 Ne5 18. Rd4 c5 19. dxc6 Nxc6 20.
Rxd8+ Rxd8 21. Rf2 a6 22. Nf1 Kf8 23. Nd2 Nd5 24. Nxd5 Rxd5 25. Nxe4 Ke7 26.
Nc3 Re5 27. e4 b5 28. Kh2 Ke6 29. g4 a5 30. Nd5 b4 31. Nc7+ Ke7 32. Nd5+ Kf8
33. Nf4 Rxe4 34. Kg3 g5 35. Nh5 Ne5 36. Rf6 Re3+ 37. Kg2 Ng6 38. Rf3 Nh4+
39. Kh2 Rxf3 40. Ng3 Rf2+ 41. Kh1 Nf3 42. Nf1 Rxc2 43. Ne3 Rh2#
{White checkmated}
0-1